 Dungeon Crawl Stone Soup version 0.20.1-2-g1830e616b0 (webtiles) character file.

179 Alfie the Shooter (level 5, -2/39 HPs)
             Began as a Human Hunter on Feb 3, 2020.
             Slain by Grinder (4 damage)
             ... on level 3 of the Dungeon.
             The game lasted 00:08:45 (1818 turns).

Alfie the Shooter (Human Hunter)                    Turns: 1818, Time: 00:08:46

Health: -2/39      AC:  6    Str: 13    XL:     5   Next: 90%
Magic:  5/5        EV: 12    Int: 16    God:
Gold:   103        SH:  0    Dex: 14    Spells: 4/4 levels left

rFire    . . .     SeeInvis .   a - +1 shortbow
rCold    . . .     Gourm    .   (shield currently unavailable)
rNeg     . . .     Faith    .   c - +3 leather armour
rPois    .         Spirit   .   (no helmet)
rElec    .         Reflect  .   (no cloak)
rCorr    .         Harm     .   (no gloves)
MR       .....                  (no boots)
Stlth    +.........             (no amulet)
Regen    0.2/turn               (no ring)
MPRegen  0.1/turn               (no ring)

@: brilliant, hasted, very quick
A: no striking features
a: no special abilities


You were on level 3 of the Dungeon.
You were not hungry.

You visited 1 branch of the dungeon, and saw 3 of its levels.

You collected 103 gold pieces.

Inventory:

Hand Weapons
 a - a +1 shortbow (weapon)
 b - a +0 short sword
Missiles
 d - 3 arrows (quivered)
 f - 4 tomahawks
Armour
 c - a +3 leather armour (worn)
Jewellery
 p - an uncursed ring of protection from fire
Scrolls
 q - a scroll of remove curse
 s - a scroll of blinking
Potions
 e - a potion of agility
 g - a potion of flight
 i - 3 potions of brilliance
 j - a potion of might {unknown}
 l - a potion of magic {unknown}
 m - a potion of ambrosia {unknown}
 n - a potion of berserk rage {unknown}
Comestibles
 k - 5 fruits
 o - 2 meat rations
 r - a bread ration


   Skills:
 + Level 2.6 Fighting
 + Level 6.1 Bows
 + Level 1.3 Armour
 + Level 2.2 Dodging
 + Level 1.0 Stealth


You had 4 spell levels left.
You didn't know any spells.

Dungeon Overview and Level Annotations

Branches:
Dungeon (3/15)

Altars:

Annotations:
D:3 Grinder, Sigmund


Message History

Grinder hits you.
You writhe in agony.
* * * LOW HITPOINT WARNING * * *
It was a potion of haste.
You feel yourself speed up.
Grinder says, "Don't move a muscle."
Grinder hits you.
* * * LOW HITPOINT WARNING * * *
You writhe in agony.
* * * LOW HITPOINT WARNING * * *
It was a potion of brilliance.
You feel clever all of a sudden. Grinder barely misses you.
Firing (i - inventory. (,) - cycle):
d - 4 arrows (quivered)
Press: ? - help, Shift-Dir - straight line, f/p - Grinder
Aim: Grinder (moderately wounded)
You shoot an arrow. The arrow hits Grinder.
Grinder is heavily wounded.
Grinder hits you.
* * * LOW HITPOINT WARNING * * *
You writhe in agony.
You die...

..?#.. # .....# .
#+#....#
#(#.#....#
##(#.#....#..#
+.........#..# .#
#.5.....#..#...#
#..@....#..#...#
##......#..#...#
#......#..#...###
#..#.#.#........
#..#.#......#.#
#.............###
##...............
##..###.#.######
###..###.#.#


You could see Grinder.

Vanquished Creatures
  Natasha (twice) (D:2 D:3)
  6 adders (D:2)
  2 oozes
  A dart slug (D:1)
  A leopard gecko (D:2)
  2 orcs (D:3)
  4 bats
  3 giant cockroaches
  8 goblins
  8 hobgoblins
  4 jackals (D:1)
  4 ball pythons
  8 frilled lizards
  5 kobolds
  4 rats
62 creatures vanquished.

Notes
Turn   | Place    | Note
-------+----------+-------------------------------------------
     0 | D:1      | Alfie the Human Hunter began the quest for the Orb.
     0 | D:1      | Reached XP level 1. HP: 16/16 MP: 1/1
    89 | D:1      | Reached XP level 2. HP: 22/22 MP: 2/2
   299 | D:1      | Reached XP level 3. HP: 27/27 MP: 3/3
   558 | D:2      | Reached skill level 5 in Bows
   588 | D:2      | Noticed Natasha
   599 | D:2      | Killed Natasha
   599 | D:2      | Reached XP level 4. HP: 25/33 MP: 4/4
   611 | D:2      | Noticed Natasha
   872 | D:2      | Reached XP level 5. HP: 39/39 MP: 5/5
  1079 | D:2      | Reached skill level 1 in Armour
  1612 | D:3      | Noticed Sigmund
  1777 | D:3      | Killed Natasha
  1777 | D:3      | Reached skill level 6 in Bows
  1802 | D:3      | Noticed Grinder
  1818 | D:3      | Slain by Grinder

Skill      XL: |  1  2  3  4  5 |
---------------+----------------+-----
Bows           | 5 6 |  6.1
Armour         | 1 |  1.3
Fighting       | |  2.6
Dodging        | |  2.2
Stealth        | |  1.0

Action                   |  1- 3 |  4- 6 || total
-------------------------+-------+-------++-------
 Fire: Shortbow          |    71 |   124 ||   195
  Use: Scroll            |     4 |     5 ||     9
       Potion            |     2 |     3 ||     5
  Eat: Bread ration      |     1 |       ||     1
Armor: Leather armour    |       |    17 ||    17
Dodge: Dodged            |    12 |    47 ||    59
